 Dungeon Crawl Stone Soup version 0.22-a0-756-gc33bbe721d (webtiles) character file.

27 RedPan the Sneak (level 2, -1/11 HPs)
             Began as a Felid Wizard on July 16, 2018.
             Was an Initiate of Nemelex Xobeh.
             Slain by a kobold
             ... wielding a +0 whip
              (8 damage)
             ... on level 1 of the Dungeon.
             The game lasted 00:01:42 (1398 turns).

RedPan the Sneak (Felid Wizard)                     Turns: 1398, Time: 00:01:43

Health: -1/11      AC:  1    Str:  3    XL:     2   Next: 93%
Magic:  2/7        EV: 18    Int: 19    God:    Nemelex Xobeh [......]
Gold:   51         SH:  0    Dex: 14    Spells: 6/7 levels left
                                        Lives:  0   Deaths: 0

rFire    . . .     SeeInvis +   (weapon unavailable)
rCold    . . .     Gourm    .   (shield unavailable)
rNeg     . . .     Faith    .   (armour unavailable)
rPois    .         Spirit   .   (helmet unavailable)
rElec    .         Reflect  .   (cloak unavailable)
rCorr    .         Harm     .   (gloves unavailable)
MR       .....                  (boots unavailable)
Stlth    +++.......             (no amulet)
HPRegen  0.03/turn              (no ring)
MPRegen  0.10/turn              (no ring)

@: quick
A: very small, no armour, no weapons or thrown items, stealth, claws 1, fangs 3,
see invisible, carnivore, speed 1, shaggy fur 1, slow metabolism 1, sharp paws
a: Renounce Religion


You were on level 1 of the Dungeon.
You worshipped Nemelex Xobeh.
Nemelex Xobeh was noncommittal.
You were very full.

You visited 1 branch of the dungeon, and saw 1 of its levels.

You collected 51 gold pieces.

Inventory:

Potions
 c - a potion of resistance {unknown}
 d - a potion of invisibility {unknown}
Miscellaneous
 a - a plain deck of destruction
Comestibles
 b - a ration


   Skills:
 + Level 3.1 Dodging
 + Level 3.2 Stealth
 + Level 3.2 Spellcasting
 * Level 1.7 Conjurations
   Level 1.0 Summonings
   Level 1.5 Translocations


You had 6 spell levels left.
You knew the following spells:

 Your Spells              Type           Power        Failure   Level  Hunger
a - Magic Dart            Conj           #...         8%          1    None

Your spell library contained the following spells:

 Spells                   Type           Power        Failure   Level  Hunger
 Conjure Flame            Conj/Fire      #.......     30%         3    ###....
 Slow                     Hex            #.......     22%         2    ##.....
 Mephitic Cloud           Conj/Pois/Air  #.......     34%         3    ###....
 Blink                    Tloc           N/A          12%         2    ##.....
 Call Imp                 Summ           #.......     16%         2    ##.....


Dungeon Overview and Level Annotations

Branches:
Dungeon (1/15)

Altars:
Nemelex Xobeh


Innate Abilities, Weirdness & Mutations

You cannot wear armour.
You are incapable of wielding weapons or throwing items.
Your paws allow you to move quietly. (Stealth)
You have sharp claws.
You have razor-sharp teeth.
You have supernaturally acute eyesight. (SInv)
You are carnivorous and can eat meat at any time.
You cover ground quickly.
You are covered in fur. (AC +1)
You have a slow metabolism.
Your sharp claws are effective at attacking unaware monsters.


Message History

The magic dart hits the kobold.
The kobold is moderately wounded.
The kobold closely misses you.
Casting: Magic Dart (safe; 8% risk of failure)
Confirm with . or Enter, or press ? or * to list all spells.
Aiming: Magic Dart (safe; 8% risk of failure)
Press: ? - help, Shift-Dir - straight line, f/p - kobold
Aim: a kobold, wielding a whip (moderately wounded)
The magic dart hits the kobold.
The kobold is severely wounded.
The kobold hits you with a whip.
You miss the kobold.
The kobold is severely wounded.
The kobold closely misses you.
You closely miss the kobold.
The kobold is severely wounded.
The kobold hits you with a whip!
Ouch! That really hurt!
You die...
Your body disappears without a glow.

###...####.#
.....#.###.#######
###.#.###........#
# ##.## #..#####.#
## ### ##...## #.#
.## ##...#.###.#
..## #.......##.#
...####...##.###.#
...'.........# #@#
...####....#.# #K#
..## ##.........#
.## #.###.#.### ##
#.# .#.# # #.# #
.# #######


You could see a kobold.

Vanquished Creatures
  4 dart slugs (D:1)
  A leopard gecko (D:1)
  2 bats (D:1)
  3 giant cockroaches (D:1)
  3 hobgoblins (D:1)
  A kobold (D:1)
  A frilled lizard (D:1)
  2 rats (D:1)
17 creatures vanquished.

Notes
Turn   | Place    | Note
-------+----------+-------------------------------------------
     0 | D:1      | RedPan the Felid Wizard began the quest for the Orb.
     0 | D:1      | Reached XP level 1. HP: 7/7 MP: 5/5
    30 | D:1      | Found a sparkling altar of Nemelex Xobeh.
    31 | D:1      | Reached skill level 1 in Conjurations
    88 | D:1      | Became a worshipper of Nemelex Xobeh the Trickster
    94 | D:1      | Received a gift from Nemelex Xobeh
   442 | D:1      | Reached XP level 2. HP: 11/11 MP: 2/7
  1398 | D:1      | Slain by a kobold

Vault maps used:
D:1:      tarquinn_simple_flora_water_b, st_stairs_5,
          nemelex_xobeh_ov_fountains_minmay

Skill      XL: |  1  2 |
---------------+-------+-----
Conjurations   | 1 |  1.7
Stealth        | 3 |  3.2
Dodging        | 3 |  3.1
Spellcasting   | |  3.2
Summonings     | |  1.0
Translocations | |  1.5

Action                   || total
-------------------------++-------
Melee: Unarmed           ||    20
       Bite              ||     1
 Cast: Magic Dart        ||    51
  Eat: Chunk             ||     7
Armor: Skin              ||     1
Dodge: Dodged            ||    17

Table legend:
 A = Spawn XP
 B = Non-spawn XP
 C = Spawn XP percentage of total XP
 D = Spawn monster count
 E = Non-spawn monster count
 F = Spawn count percentage of total count
 G = Total turns spent on level
                    A         B        C        D         E        F      G
               +---------+---------+-------+---------+---------+-------+---------
         Total |       0 |      39 |   0.0 |       0 |      17 |   0.0 |  1398
               +---------+---------+-------+---------+---------+-------+---------
           D:1 |       0 |      39 |   0.0 |       0 |      17 |   0.0 |  1398
               +---------+---------+-------+---------+---------+-------+---------
